 Dungeon Crawl Stone Soup version 0.32-a0-834-geaf45d8e21 (webtiles) character file.

Game seed: 14807461616269587384

18 jasper the Chopper (level 2, -5/24 HPs)
             Began as a Mountain Dwarf Gladiator on Mar 25, 2024.
             Slain by a gnoll
             ... wielding a +0 flail
             ... led by a gnoll bouda
              (12 damage)
             ... on level 4 of the Dungeon.
             The game lasted 00:00:54 (219 turns).

jasper the Chopper (Mountain Dwarf Gladiator)        Turns: 219, Time: 00:00:54

Health: -5/24      AC:  5    Str: 16    XL:     2   Next: 51%
Magic:  2/2        EV: 10    Int:  8    God:
Gold:   12         SH:  0    Dex: 11    Spells: 1/1 levels left

rFire   . . .        a - +0 war axe
rCold   . . .        (no shield)
rNeg    . . .        b - +0 leather armour
rPois   .            c - +0 helmet
rElec   .            (no cloak)
rCorr   .            g - +0 pair of gloves
SInv    .            (no boots)
Will    .....        (no amulet)
Stlth   +            (no ring)
HPRegen 0.24/turn    (no ring)
MPRegen 0.08/turn

%: no passive effects
@: no status effects
A: runic magic, artefact enchanting
a: no special abilities


You were on level 4 of the Dungeon.
You visited 1 branch of the dungeon, and saw 4 of its levels.

You collected 12 gold pieces.

Inventory:

Hand Weapons
 a - a +0 war axe (weapon)
 h - a +0 flail
Missiles
 d - 3 throwing nets
 i - 2 poisoned darts (quivered)
Armour
 b - a +0 leather armour (worn)
 c - a +0 helmet (worn)
 g - a +0 pair of gloves (worn)


   Skills:
 - Level 2.1 Fighting
 + Level 4.7 Axes
 - Level 1.5 Throwing
 - Level 2.1 Dodging


You had one spell level left.
You didn't know any spells.
Your spell library was empty.

Dungeon Overview and Level Annotations

Branches:
Dungeon (4/15)
 Temple: D:4-7

Altars:


Innate Abilities, Weirdness & Mutations

Your spellcasting is much less encumbered by armour.
You can use scrolls of enchantment on lesser artefacts.


Message History

You throw a javelin. The javelin closely misses the gnoll.
The javelin pierces through the gnoll.
The gnoll is heavily wounded.
The javelin barely misses the gnoll bouda.
The gnoll hits you but does no damage. x2
Throw: 3 darts (poison)
Press: ? - help, Q - select action, (/) - cycle Shift-Dir - straight line, f/p - gnoll
Aim: a gnoll, wielding a +0 spear (lightly wounded, covering ground quickly, 56% to hit)
You throw a poisoned dart. The poisoned dart hits the gnoll.
The gnoll is poisoned.
The gnoll is lightly wounded.
The gnoll hits you from afar with a +0 spear.
You take 2 damage, and have 19/24 hp.
You barely miss the gnoll. The gnoll closely misses you. The gnoll misses you.
The gnoll misses you. x2
You slash the gnoll!
The gnoll is almost dead.
You hit the gnoll but do no damage. The gnoll hits you but does no damage.
The gnoll hits you with a +0 flail.
You take 5 damage, and have 15/24 hp.
MASSIVE DAMAGE!!
You aren't carrying any potions.
Blink to where?
Press: ? - help, Dir - move target, p - gnoll
As you read the scroll labelled TAIRRI CINIDU, it crumbles to dust.
It was a scroll of blinking.
You feel a bit more experienced.
An orc comes into view. It is wielding a +0 club.
The orc shouts!
You hear an angry hiss.
The gnoll is no longer moving quickly.
The gnoll bouda calls upon its god to heal something.
The gnoll attacks as it pursues you! The gnoll barely misses you.
The gnoll bouda hits you with a +0 club.
A ball python comes into view.
There is a stone staircase leading down here.
You take 1 damage, and have 16/24 hp.
The gnoll bouda hits you with a +0 club!
* * * LOW HITPOINT WARNING * * *
The gnoll hits you with a +0 flail!
Ouch! That really hurt!
You die...

...# #. ##..# #S...
...#.#.#.# #..#...... .
######.........
...###......o#......
#..........#........
...........#g...#...
#.#.....g..#@...#.#
#........g......### #
#..........#......
#.#..........#....## ..
.............#.!..# ...
....[..)###..##...##.##
....##..ยง(....(........
#.####..........#. .
.....................g...


You could see a gnoll bouda, a gnoll, an orc and a ball python.

Vanquished Creatures
  A gnoll (D:4)
  An orc (D:4)
  3 ball pythons
  A bat (D:4)
  A frilled lizard (D:3)
  A rat (D:3)
8 creatures vanquished.

Notes
Turn   | Place    | Note
-------+----------+-------------------------------------------
     0 | D:1      | jasper the Mountain Dwarf Gladiator began the quest for the
                  | Orb.
     0 | D:1      | Reached XP level 1. HP: 17/17 MP: 1/1
     0 | D:1      | Noticed a small abomination
     0 | D:1      | Noticed a large abomination
     1 | D:1      | Noticed a large abomination
     3 | D:1      | Noticed a large abomination
     3 | D:1      | Noticed a large abomination
     6 | D:1      | Noticed a large abomination
     8 | D:1      | Noticed a large abomination
    11 | D:1      | Noticed a large abomination
    11 | D:1      | Noticed a large abomination
    13 | D:1      | Noticed a large abomination
    13 | D:1      | Noticed a large abomination
    17 | D:1      | Noticed a large abomination
    17 | D:1      | Noticed a large abomination
    17 | D:1      | Noticed a large abomination
    19 | D:1      | Noticed a large abomination
    19 | D:1      | Noticed a large abomination
    21 | D:1      | Noticed a large abomination
   141 | D:4      | Reached skill level 4 in Axes
   163 | D:4      | Reached XP level 2. HP: 22/24 MP: 2/2
   219 | D:4      | Slain by a gnoll

Illustrated notes

Levels and vault maps discovered:
D:1:      shiori_arrival_whats_in_store_for_you, layout_rooms,
          minmay_split_cup_large
D:2:      layout_rooms, serial_forest, infiniplex_forest_lined_3,
          infiniplex_forest_zigzag_1, infiniplex_forest_straight_2,
          infiniplex_forest_clump_tiny, infiniplex_forest_straight_2,
          uniq_sigmund
D:3:      layout_basic, nicolae_sif_muna_condensation,
          mainiacjoe_overflow_brackets, mainiacjoe_overflow_tiny_flanked,
          lemuel_coloured_pillars_altar, overflow_temple_1_default,
          minmay_splitting_lines
D:4:      layout_basic, nicolae_overflow_crystal_walls, dk_noncrumbling_3

Skill      XL: |  1 |
---------------+----+-----
Axes           | 4 |  4.7
Fighting       | |  2.1
Throwing       | |  1.5
Dodging        | |  2.1

Action                     || total
---------------------------++-------
  Melee: War axe           ||    21
  Throw: Dart              ||     2
         Javelin           ||     1
    Use: Scroll            ||     1
 Armour: Leather armour    ||    25
  Dodge: Dodged            ||    29

Table legend: (Time is in decaauts)
 A = Elapsed time spent in this place.
 B = Non-inter-level travel time spent in this place.
 C = Inter-level travel time spent in this place.
 D = Time resting spent in this place.
 E = Time spent auto-exploring this place.
 F = Levels seen in this place.
 G = Mean time per level.
                   A        B        C        D        E       F      G
               +--------+--------+--------+--------+--------+-----+--------+
         Total |    225 |    225 |      0 |      0 |     85 |   4 |   56.2 |
       Dungeon |    225 |    225 |      0 |      0 |     85 |   4 |   56.2 |
               +--------+--------+--------+--------+--------+-----+--------+

Top non-repeatable levels by time:
     D:4: 86 daAuts
     D:3: 68 daAuts
     D:2: 42 daAuts
     D:1: 28 daAuts
